 Dungeon Crawl Stone Soup version 0.28.0-53-g5a82cb258f (webtiles) character file.

Game seed: 2841587787403403387

50 Plasmagod the Magician (level 4, -1/31 HPs)
             Began as a Djinni Air Elementalist on July 18, 2022.
             Slain by a gnoll
             ... wielding a +0 spear
              (6 damage)
             ... on level 2 of the Dungeon.
             The game lasted 00:03:20 (2153 turns).

Plasmagod the Magician (Djinni Air Elementalist)    Turns: 2153, Time: 00:03:20

Health: -1/31      AC:  3    Str:  7    XL:     4   Next: 4%
Gold:   16         EV: 12    Int: 19    God:
                   SH:  0    Dex: 13

rFire   + + .      SeeInvis .   (no weapon)
rCold   x . .      Faith    .   (no shield)
rNeg    . . .      Spirit   .   a - +0 robe
rPois   ∞          Reflect  .   m - +0 helmet
rElec   .          Harm     .   (no cloak)
rCorr   .          Rampage  .   (no gloves)
Will    .....                   (boots unavailable)
Stlth   ++........              (no amulet)
HPRegen 0.10/turn               (no ring)
MPRegen 0.00/turn               (no ring)

@: flying
A: sickness immunity, fire resistance 2, cold vulnerability 1, float, innate
caster, HP casting, extra vitality 1
a: no special abilities


You were on level 2 of the Dungeon.
You visited 1 branch of the dungeon, and saw 2 of its levels.

You collected 16 gold pieces.

Inventory:

Armour
 a - a +0 robe (worn)
 m - a +0 helmet (worn)
Scrolls
 c - a scroll of vulnerability {unknown}
 d - a scroll of teleportation {unknown}
 e - 2 scrolls of identify {unknown}
 g - a scroll of silence {unknown}
 i - a scroll of fear {unknown}
 j - a scroll of amnesia {unknown}
 p - a scroll of fog {unknown}
Potions
 b - a potion of curing {unknown}
 f - a potion of degeneration {unknown}
 h - a potion of might {unknown}
 k - a potion of resistance {unknown}
 l - a potion of attraction {unknown}
 n - a potion of heal wounds {unknown}
 o - 2 potions of brilliance {unknown}


   Skills:
 + Level 2.4 Dodging
 + Level 1.9 Stealth
 + Level 3.3 Spellcasting


You couldn't memorise any spells.
You knew the following spells:

 Your Spells              Type           Power      Damage    Failure   Level
a - Shock                 Conj/Air       64%        1d7       3%          1
b - Static Discharge      Conj/Air       16%        N/A       5%          2
c - Swiftness             Air            16%        N/A       11%         3
d - Airstrike             Air            8%         N/A       36%         4
e - Magic Dart            Conj           64%        1d6       3%          1
Your spell library was empty.

Dungeon Overview and Level Annotations

Branches:
Dungeon (2/15)

Altars:

Shops:
D:1 (!


Innate Abilities, Weirdness & Mutations

You are immune to sickness and miasma.
You are immune to poison.
Your flesh is very heat resistant. (rF++)
You are vulnerable to cold. (rC-)
You float through the air rather than walking.
You learn spells naturally, not from books.
Your magical power is your life essence.
You have superior vitality. (+4 MHP)


Message History

The jackal bites you but does no damage.
The gnoll hits you from afar with a +0 spear.
Casting: Static Discharge (safe; 5% risk of failure)
Confirm with . or Enter, or press ? or * to list all spells.
The bush is struck by an arc of lightning.
The bush is lightly damaged.
The jackal is struck by an arc of lightning.
You kill the jackal!
The lightning grounds out.
The gnoll closely misses you.
Casting: Static Discharge (safe; 5% risk of failure)
Confirm with . or Enter, or press ? or * to list all spells.
The bush is struck by an arc of lightning.
The bush is lightly damaged.
You are struck by an arc of lightning.
* * * LOW HITPOINT WARNING * * *
The lightning grounds out.
The bush is struck by an arc of lightning.
The bush is lightly damaged.
The jackal is struck by an arc of lightning.
The jackal is severely wounded.
The bush is struck by an arc of lightning.
The bush is lightly damaged.
The lightning grounds out.
* * * LOW HITPOINT WARNING * * *
The jackal bites you.
* * * LOW HITPOINT WARNING * * *
The gnoll closely misses you.
Casting: Static Discharge (safe; 5% risk of failure)
Confirm with . or Enter, or press ? or * to list all spells.
The bush is struck by an arc of lightning.
The bush is lightly damaged.
The lightning grounds out.
The jackal is struck by an arc of lightning.
You kill the jackal!
The bush is struck by an arc of lightning.
The bush is lightly damaged.
The lightning grounds out.
* * * LOW HITPOINT WARNING * * *
The gnoll hits you from afar with a +0 spear.
You die...

..........# #....≈.....
##.##..##.# #..........
##.##....... #..........
.......##.### #..........
#.#.##.##.# #### ##...######
#.#.##.##.# ###..# ## #...#
#.#.##.##.# #....# ..# #...#
#.#..#.##.# #...P#g..# #...#
..........###...@†...# #...#
#.##............P#+#+# #...#
#.###.###.#####..# #...###### ..#
#.###.# #..# #......... ..#
#..##.# #.## #...###.##
..####.##.#####.# #...#.#.#
..#.............############.#.##
..#.##..#.#####..................
..#.###...##<##.##.#..##.....####


You could see a gnoll.

Vanquished Creatures
  An adder (D:2)
  3 dart slugs
  4 ball pythons
  4 bats
  A giant cockroach (D:2)
  2 goblins (D:1)
  4 hobgoblins
  2 jackals (D:2)
  4 kobolds
  3 quokkas
  4 frilled lizards (D:1)
  3 rats (D:1)
35 creatures vanquished.

Vanquished Creatures (others)
  A plant (D:1)
  3 withered plants (D:1)
4 creatures vanquished.

Grand Total: 39 creatures vanquished

Notes
Turn   | Place    | Note
-------+----------+-------------------------------------------
     0 | D:1      | Plasmagod the Djinni Air Elementalist began the quest for
                  | the Orb.
     0 | D:1      | Reached XP level 1. HP: 15/15 MP: 0/0
   191 | D:1      | Reached XP level 2. HP: 17/21 MP: 0/0
   398 | D:1      | Found a faded altar of an unknown god.
   657 | D:1      | Reached skill level 3 in Spellcasting
   739 | D:1      | Found Omo Xaach's Distillery.
   746 | D:1      | Reached XP level 3. HP: 19/25 MP: 0/0
   746 | D:1      | Learned a level 1 spell: Magic Dart
  1070 | D:1      | Found Gustripn's Weapon Emporium.
  2022 | D:2      | Reached XP level 4. HP: 23/31 MP: 0/0
  2153 | D:2      | Slain by a gnoll

Illustrated notes

Levels and vault maps discovered:
D:1:      minmay_arrival_three_doors, layout_rooms,
          shapermc_ecumenical_altar_flowoftime, serial_shops, shop,
          nicolae_lakefront_shop, minmay_misc_feat_pillars, minmay_surrounded
D:2:      layout_basic, hangedman_abyss_or_decor_lesser_grid,
          chequers_serial_rivers_micro_e, cheibrodos_gnoll_hut

Skill      XL: |  1  2 |
---------------+-------+-----
Spellcasting   | 3 |  3.3
Dodging        | |  2.4
Stealth        | |  1.9

Action                   |  1- 3 |  4- 6 || total
-------------------------+-------+-------++-------
Melee: Unarmed           |       |     1 ||     1
 Cast: Shock             |    66 |     1 ||    67
       Static Discharge  |     6 |     5 ||    11
Armor: Robe              |       |     1 ||     1
Dodge: Dodged            |     3 |     7 ||    10
